 Dungeon Crawl Stone Soup version 0.20.1-1-g8b1a95d (webtiles) character file.

7248 Zogzag the Thaumaturge (level 11, -15/83 HPs)
             Began as a Human Earth Elementalist on Oct 30, 2017.
             Was a Believer of Vehumet.
             Killed from afar by Josephine (19 damage)
             ... with a ghostly fireball
             ... on level 10 of the Dungeon.
             The game lasted 01:05:36 (9832 turns).

Zogzag the Thaumaturge (Human Earth Elementalist)   Turns: 9832, Time: 01:05:37

Health: -15/83     AC:  3    Str: 14    XL:     11   Next: 33%
Magic:  8/24       EV: 18    Int: 21    God:    Vehumet [**....]
Gold:   498        SH:  0    Dex: 14    Spells: 15/28 levels left

rFire    + . .     SeeInvis .   a - +9 dagger of Irritation {freeze, Int+3}
rCold    + . .     Gourm    +   (no shield)
rNeg     . . .     Faith    .   c - +0 robe
rPois    +         Spirit   .   (no helmet)
rElec    +         Reflect  .   (no cloak)
rCorr    +         Harm     .   (no gloves)
MR       .....                  l - +0 pair of boots
Stlth    ++........             N - amulet of the gourmand
Regen    0.3/turn               F - +2 ring of evasion (curse)
MPRegen  0.2/turn               H - +4 ring of evasion

@: mighty, resistant, very slightly contaminated, slowed, drained, very slow
A: no striking features
a: Renounce Religion


You were on level 10 of the Dungeon.
You worshipped Vehumet.
Vehumet was pleased with you.
You were full.

You visited 2 branches of the dungeon, and saw 11 of its levels.

You collected 498 gold pieces.

Inventory:

Hand Weapons
 a - the +9 dagger of Irritation (weapon) {freeze, Int+3}
   (You took it off an orc on level 8 of the Dungeon)

   It has been specially enchanted to freeze those struck by it, causing extra
   injury to most foes and up to half again as much damage against particularly
   susceptible opponents.
   It can also slow down cold-blooded creatures.
   It affects your intelligence (+3).
 r - a +0 whip of draining
 M - a +2 short sword of venom
Missiles
 b - 135 stones (quivered)
Armour
 c - a +0 robe (worn)
 l - a +0 pair of boots (worn)
 C - the +1 ring mail of Qoppum {Int+3 Slay+2}
   (You found it on level 5 of the Dungeon)

   It affects your intelligence (+3).
   It affects your accuracy and damage with ranged weapons and melee attacks
   (+2).
Jewellery
 F - a cursed +2 ring of evasion (left hand)
 H - a +4 ring of evasion (right hand)
 N - an amulet of the gourmand (around neck)
 R - the amulet of the Suburbs {Spirit Int+4 Dex+2}
   (You found it on level 9 of the Dungeon)

   [amulet of guardian spirit]

   It causes incoming damage to be split between your health and magic.
   It affects your intelligence (+4).
   It affects your dexterity (+2).
Wands
 w - a wand of scattershot (0/9)
 G - a wand of lightning (8/15)
 L - a wand of clouds (5/9)
Scrolls
 f - 5 scrolls of magic mapping
 m - 2 scrolls of immolation
 n - 2 scrolls of fear
 p - 3 scrolls of acquirement
 q - 4 scrolls of teleportation
 t - 2 scrolls of enchant armour
 v - 2 scrolls of recharging
 y - 7 scrolls of remove curse
 E - a scroll of fog
 O - a scroll of amnesia
 U - a scroll of enchant weapon {unknown}
Potions
 g - 2 potions of resistance
 j - 3 potions of curing {unknown}
 k - 6 potions of brilliance
 o - 6 potions of heal wounds {unknown}
 x - a potion of agility {unknown}
 B - a potion of mutation {unknown}
 I - a potion of ambrosia {unknown}
 J - a potion of berserk rage {unknown}
 Q - a potion of lignification {unknown}
 S - a potion of magic {unknown}
Books
 e - a book of Geomancy

   Spells                             Type                      Level
   a - Sandblast                      Earth                        1
   b - Passwall                       Transmutation/Earth          2
   c - Stone Arrow                    Conjuration/Earth            3
   d - Petrify                        Transmutation/Earth          4
   e - Lee's Rapid Deconstruction     Earth                        5
 h - a book of Flames

   Spells                             Type                      Level
   a - Flame Tongue                   Conjuration/Fire             1
   b - Throw Flame                    Conjuration/Fire             2
   c - Conjure Flame                  Conjuration/Fire             3
   d - Inner Flame                    Hexes/Fire                   3
   e - Sticky Flame                   Conjuration/Fire             4
   f - Fireball                       Conjuration/Fire             5
 s - a book of Necromancy

   Spells                             Type                      Level
   a - Pain                           Necromancy                   1
   b - Animate Skeleton               Necromancy                   1
   c - Vampiric Draining              Necromancy                   3
   d - Regeneration                   Charms/Necromancy            3
   e - Animate Dead                   Necromancy                   4
   f - Control Undead                 Necromancy                   4
 u - a book of Minor Magic

   Spells                             Type                      Level
   a - Magic Dart                     Conjuration                  1
   b - Blink                          Translocation                2
   c - Call Imp                       Summoning                    2
   d - Slow                           Hexes                        2
   e - Conjure Flame                  Conjuration/Fire             3
   f - Mephitic Cloud                 Conjuration/Poison/Air       3
 T - a book of Callings

   Spells                             Type                      Level
   a - Summon Small Mammal            Summoning                    1
   b - Call Imp                       Summoning                    2
   c - Call Canine Familiar           Summoning                    3
   d - Summon Guardian Golem          Hexes/Summoning              3
   e - Summon Lightning Spire         Summoning/Air                4
   f - Summon Ice Beast               Ice/Summoning                4
Comestibles
 d - 7 bread rations
 i - 5 meat rations
 A - 5 fruits
 D - 3 royal jellies


   Skills:
 + Level 6.8(6.2) Fighting
 + Level 6.6(6.1) Armour
 - Level 2.0(1.5) Dodging
 - Level 2.0(1.5) Stealth
 * Level 9.4(8.8) Spellcasting
 + Level 9.0(8.4) Conjurations
 - Level 1.0(0.5) Transmutations
 + Level 9.0(8.4) Earth Magic


You had 15 spell levels left.
You knew the following spells:

 Your Spells              Type           Power        Failure   Level  Hunger
a - Sandblast             Erth           #####.       1%          1    None
b - Stone Arrow           Conj/Erth      #####.       1%          3    None
c - Petrify               Tmut/Erth      ####....     12%         4    ###....
d - Lee's Rapid Deconstr  Erth           #####.....   6%          5    #####..


Dungeon Overview and Level Annotations

Branches:
Dungeon (10/15)            Temple (1/1) D:7            Lair (0/6) D:10
    Orc: D:9-12

Altars:
Ashenzari
Cheibriados
Dithmenos
Elyvilon
Fedhas
Gozag
Hepliaklqana
Kikubaaqudgha
Makhleb
Nemelex Xobeh
Okawaru
Qazlal
Ru
Sif Muna
Trog
Uskayaw
Vehumet
Xom
Yredelemnul
Zin
The Shining One

Shops:
D:4 %   D:6 (   D:10 (

Annotations:
D:10 Josephine


Message History

The wraith misses you.
Okay, then.
As you read the scroll labeled NEUFEY NORCH, it crumbles to dust.
It is a scroll of amnesia.
Forget which spell ([?*] list [ESC] exit)?
Forget which spell ([?*] list [ESC] exit)?
Okay, then.
Josephine screams, "I have something special for you."
Josephine hits you but does no damage. The wraith closely misses you.
Josephine hits you with an enchanted dagger.
* * * LOW HITPOINT WARNING * * *
A wraith comes into view.
Blink to where?
Press: ? - help, Dir - move target cursor, p - Josephine
As you read the scroll labeled URRINLODUO, it crumbles to dust.
It was a scroll of blinking.
Okay, then.
Josephine casts a spell at you.
The ghostly flame explodes!
The ghostly fireball engulfs you!
You feel drained.
You die...

#.# # #.# #.# #.# ≈ ###.#
≈≈ #####...# ≈≈≈
#.....##########≈≈≈
######.....+...........≈
#...........@......## #
#...........###.....##.#
#........#...≈...#@....#
#.......#..#...#..#.####
#.......#.##..P##.#.######
#.......#...PPP...#......#
#.......#≈..P>P..≈#......#
#.......#..PPPPP..#..W@..#
#.......#.##PP.##.#......#


You could see Josephine.

Vanquished Creatures
  A two-headed ogre (D:8)
  A kobold demonologist (D:8)
  3 hippogriffs
  Sigmund (D:4)
  2 hungry ghosts
  Menkaure (D:5)
  2 black bears
  2 sky beasts
  2 phantoms
  4 ice beasts
  A necrophage (D:6)
  6 ogres
  2 centaurs
  10 big kobolds
  5 bullfrogs
  A wyvern zombie (D:7)
  6 scorpions
  6 killer bees (D:7)
  An oklob sapling (D:7)
  The ghost of Linguinho the Sneak, a weakling DsAs (D:3)
  7 wights
  5 howler monkeys
  4 electric eels (D:10)
  3 crimson imps
  A bullfrog zombie (D:7)
  4 hounds
  3 jellies
  7 orc wizards
  4 iguanas
  6 worker ants
  2 killer bee zombies
  A worker ant zombie (D:8)
  17 adders
  2 shadow imps
  An ooze (D:1)
  3 adder skeletons
  A worm (D:4)
  2 dart slugs
  11 leopard geckos
  28 orcs
  13 bats
  10 giant cockroaches
  4 hobgoblins
  16 jackals (D:9)
  3 quokkas
  6 frilled lizards
  6 goblins
  44 kobolds
  9 rats
  3 plants
284 creatures vanquished.

Notes
Turn   | Place    | Note
-------+----------+-------------------------------------------
     0 | D:1      | Zogzag the Human Earth Elementalist began the quest for the Orb.
     0 | D:1      | Reached XP level 1. HP: 13/13 MP: 3/3
   133 | D:1      | Reached XP level 2. HP: 20/20 MP: 0/5
   226 | D:1      | Reached skill level 1 in Fighting
   374 | D:1      | Reached XP level 3. HP: 22/26 MP: 0/7
   609 | D:1      | Learned a level 3 spell: Stone Arrow
   988 | D:1      | Found an iron altar of Okawaru.
   990 | D:1      | Found a sparkling altar of Nemelex Xobeh.
   990 | D:1      | Found an opulent altar of Gozag.
   992 | D:1      | Found a shimmering altar of Xom.
   992 | D:1      | Found a deep blue altar of Sif Muna.
   992 | D:1      | Found a stormy altar of Qazlal.
  1145 | D:2      | Reached XP level 4. HP: 27/32 MP: 5/8
  1152 | D:2      | Reached XP level 5. HP: 32/37 MP: 6/14
  1153 | D:2      | Reached XP level 6. HP: 46/53 MP: 6/16
  1193 | D:1      | Learned a level 4 spell: Petrify
  1199 | D:1      | Learned a level 5 spell: Lee's Rapid Deconstruction
  1230 | D:2      | Found a white marble altar of Elyvilon.
  1879 | D:3      | Found a hazy altar of Hepliaklqana.
  1894 | D:3      | Noticed Linguinho's ghost (weakling DsAs)
  1998 | D:3      | Killed Linguinho's ghost
  2578 | D:4      | Found a shadowy altar of Dithmenos.
  2609 | D:4      | Reached XP level 7. HP: 54/59 MP: 8/17
  2744 | D:4      | Found Adghin's Food Boutique.
  3003 | D:4      | Reached skill level 1 in Armour
  3165 | D:4      | Found a deep blue altar of Sif Muna.
  3184 | D:4      | Noticed Sigmund
  3188 | D:4      | Killed Sigmund
  3188 | D:4      | Reached XP level 8. HP: 65/65 MP: 12/19
  3446 | D:5      | Entered Level 5 of the Dungeon
  3480 | D:5      | Noticed Menkaure
  3481 | D:5      | Killed Menkaure
  3710 | D:5      | Found a blossoming altar of Fedhas.
  3772 | D:5      | Got a slimy ring mail
  3778 | D:5      | Found a snail-covered altar of Cheibriados.
  3785 | D:5      | Identified 3 scrolls of acquirement
  4047 | D:5      | Reached XP level 9. HP: 55/71 MP: 20/20
  4738 | D:6      | Found Dauciustri's Antique Weapon Shop.
  4861 | D:6      | Found a glowing silver altar of Zin.
  5020 | D:6      | Identified the +1 ring mail of Qoppum {Int+3 Slay+2} (You found it on level 5 of the Dungeon)
  5064 | D:7      | Found a staircase to the Ecumenical Temple.
  5321 | D:7      | Noticed a hippogriff
  5333 | D:7      | Killed a hippogriff
  5568 | D:7      | Reached XP level 10. HP: 77/77 MP: 12/22
  5678 | D:7      | Found a deep blue altar of Sif Muna.
  6183 | Temple   | Entered the Ecumenical Temple
  6243 | Temple   | Became a worshipper of Vehumet
  6619 | D:8      | Noticed a kobold demonologist
  6620 | D:8      | Reached skill level 5 in Armour
  6660 | D:8      | Killed a kobold demonologist
  6924 | D:8      | Reached * piety under Vehumet
  6924 | D:8      | Offered knowledge of Freeze by Vehumet.
  7196 | D:8      | Got a pitted dagger {freeze}
  7200 | D:8      | Identified the +9 dagger of Irritation {freeze, Int+3} (You took it off an orc on level 8 of the Dungeon)
  7202 | D:8      | Noticed a two-headed ogre
  7993 | D:8      | Killed a two-headed ogre
  7993 | D:8      | Reached XP level 11. HP: 83/83 MP: 5/24
  8158 | D:9      | Offered knowledge of Throw Frost by Vehumet.
  8160 | D:9      | Reached ** piety under Vehumet
  8984 | D:9      | Offered knowledge of Searing Ray by Vehumet.
  9011 | D:9      | Got a crude emerald amulet
  9099 | D:9      | Found a basalt altar of Yredelemnul.
  9291 | D:9      | Identified the amulet of the Suburbs {Spirit Int+4 Dex+2} (You found it on level 9 of the Dungeon)
  9425 | D:10     | Entered Level 10 of the Dungeon
  9759 | D:10     | Found a staircase to the Lair.
  9812 | D:10     | Found Ludutott's Weapon Boutique.
  9819 | D:10     | Noticed Josephine
  9822 | D:10     | HP: 4/83 [Josephine/vampiric draining (25)]
  9823 | D:10     | HP: 1/83 [Josephine/enchanted dagger (3)]
  9832 | D:10     | Killed from afar by Josephine

Skill      XL: |  1  2  3  4  5  6  7  8  9 10 11 |
---------------+----------------------------------+-----
Fighting       | 1 6 |  6.8
Spellcasting   | 3 7 8 9 |  9.4
Conjurations   | 7 8 9 |  9.0
Earth Magic    | 6 8 9 |  9.0
Armour         | 1 2 4 6 |  6.6
Dodging        | |  2.0
Stealth        | |  2.0
Transmutations | |  1.0

Action                   |  1- 3 |  4- 6 |  7- 9 | 10-12 || total
-------------------------+-------+-------+-------+-------++-------
Melee: Unarmed           |     6 |       |       |       ||     6
       Dagger            |    61 |    36 |       |   102 ||   199
       Mace              |       |    30 |       |       ||    30
       Short sword       |       |    17 |   102 |   102 ||   221
 Cast: Sandblast         |    46 |    25 |    58 |    59 ||   188
       Stone Arrow       |       |    11 |    28 |    56 ||    95
       Lee's Rapid Decon |       |       |    10 |    16 ||    26
       Petrify           |       |       |     1 |     5 ||     6
Evoke: Wand              |       |       |       |     1 ||     1
  Use: Scroll            |     2 |     6 |     5 |     7 ||    20
       Potion            |       |     2 |       |     3 ||     5
 Stab: Sleeping          |     2 |     6 |     2 |     1 ||    11
  Eat: Chunk             |     1 |     5 |    12 |    32 ||    50
       Fruit             |       |       |       |     3 ||     3
Armor: Robe              |    33 |    19 |    13 |    16 ||    81
Dodge: Dodged            |    70 |    63 |    57 |   183 ||   373
